Gangsters vs Senators
Created - March 1, 2020 at 07:53
Goals
|
| Gangsters |
1 |
2 |
2 |
5 |
| Senators |
1 |
2 |
1 |
4 |
|
Shots
|
| Gangsters |
9 |
15 |
12 |
36 |
| Senators |
13 |
6 |
6 |
25 |
|
1st period
1. Senators , Matt Frattin 39 (Scott Harrington 30) at 3:41
2. Gangsters , Artem Anisimov 41 (Dave Dziurzynski 53) at 10:49
Penalties :
No Penalty
2nd period
3. Gangsters , Connor Chatam 2 (Seth Griffith 26, David Pope 14) at 3:03 (PP)
4. Senators , Jan Mursak 25 (Scott Harrington 31) at 4:40
5. Gangsters , Dave Dziurzynski 30 (Artem Anisimov 40) at 9:57 (PP)
6. Senators , Nick Foligno 39 (Matt Frattin 44) at 13:25
Penalties :
Jake Evans (BIN) for Hooking (Minor) at 1:52, Jack Dougherty (BIN) for Hooking (Minor) at 5:35, Zemgus Girgensons (BIN) for Roughing (Minor) at 9:55, Kevin Roy (Bro) for Interference (Minor) at 16:43
3rd period
7. Gangsters , Seth Griffith 22 (David Pope 15, Matt Delahey 29) at 0:38
8. Gangsters , Seth Griffith 23 (David Pope 16) at 5:24
9. Senators , Grant Besse 12 (Warren Foegele 1) at 8:07
Penalties :
Sebastian Collberg (Bro) for Interference (Minor) at 5:37, Keegan Lowe (BIN) for Roughing (Minor) at 18:39
Goalie Stats
Dustin Tokarski (Bro), 21 saves from 25 shots - (0.840), W, 21-18-1, 60:00 minutes
Justin Peters (BIN), 31 saves from 36 shots - (0.861), L, 20-16-2, 60:00 minutes
Players Stats for Gangsters
Player Name G A P +/- PIM S H SB GA TA FO MP PP MP PK MP
------------------------------------------------------------------------------------
Adam Lowry 0 0 0 0 0 0 1 0 0 1 2/5 9:12 0:00 0:10
Artem Anisimov 1 1 2 1 0 4 3 0 2 0 22/33 26:35 2:04 2:02
Connor Chatam 1 0 1 0 0 2 3 0 0 1 0/0 19:32 2:28 0:00
Dave Dziurzynski 1 1 2 0 0 8 1 1 4 1 2/3 25:25 2:04 1:59
David Pope 0 3 3 0 0 3 4 0 0 1 0/0 20:38 2:28 0:48
Derrick Pouliot 0 0 0 0 0 0 0 2 0 2 0/0 24:20 2:26 2:16
Jacob Middleton 0 0 0 0 0 0 0 0 0 0 0/0 4:18 0:00 0:00
Jake Marchment 0 0 0 0 0 0 0 0 0 0 0/0 0:44 0:00 0:00
Jordan Subban 0 0 0 1 0 0 1 0 0 0 0/0 11:04 0:00 0:00
Joshua Jacobs 0 0 0 0 0 0 2 0 0 0 0/0 11:45 0:00 0:10
Julius Vahatalo 0 0 0 -1 0 0 0 0 0 0 0/1 2:24 0:00 0:00
Kevin Roy 0 0 0 -1 2 1 1 0 0 0 6/9 12:45 0:00 0:23
Matt Delahey 0 1 1 1 0 7 3 2 0 0 0/0 28:15 2:26 2:24
Phillip Danault 0 0 0 -1 0 0 0 0 0 0 0/1 12:56 0:00 1:11
Ryan Culkin 0 0 0 -2 0 1 2 1 0 0 0/0 20:09 2:06 1:33
Samuel Blais 0 0 0 0 0 2 1 0 0 1 0/0 9:02 0:00 0:00
Sebastian Collberg 0 0 0 -1 2 2 0 0 0 0 2/2 15:51 2:04 0:00
Seth Griffith 2 1 3 0 0 5 1 1 1 0 7/14 20:56 2:28 1:23
Steven Santini 0 0 0 -2 0 1 1 3 0 2 0/0 20:09 2:06 1:33
Players Stats for Senators
Player Name G A P +/- PIM S H SB GA TA FO MP PP MP PK MP
------------------------------------------------------------------------------------
Adam Ollas-Mattsson 0 0 0 -2 0 0 0 1 1 0 0/0 12:36 0:00 1:26
Andy Andreoff 0 0 0 0 0 2 1 0 1 0 0/0 13:11 0:00 1:36
Blake Coleman 0 0 0 0 0 1 0 0 0 0 2/3 5:55 0:00 0:00
Brett Bulmer 0 0 0 0 0 2 2 0 0 0 0/0 5:55 0:00 0:00
Chandler Stephenson 0 0 0 -2 0 1 1 0 0 0 1/7 16:09 1:51 0:00
Dylan Blujus 0 0 0 0 0 0 0 5 2 0 0/0 29:23 2:37 2:03
Grant Besse 1 0 1 1 0 2 0 0 0 1 1/1 12:08 0:02 0:00
Jack Dougherty 0 0 0 3 2 0 0 2 0 1 0/0 18:03 1:21 1:06
Jake Evans 0 0 0 0 2 1 1 0 0 0 4/12 11:34 0:00 0:00
Jan Mursak 1 0 1 -2 0 3 1 0 1 2 0/0 18:42 1:51 2:33
Keegan Lowe 0 0 0 0 2 0 1 3 0 0 0/0 28:34 2:37 1:15
Mason Geertsen 0 0 0 -2 0 0 1 1 0 0 0/0 12:08 0:00 0:35
Matt Frattin 1 1 2 2 0 5 3 0 1 1 1/1 21:53 2:05 1:00
Maxim Letunov 0 0 0 1 0 0 0 0 0 0 0/0 0:33 0:02 0:00
Nick Foligno 1 0 1 2 0 3 2 2 0 1 2/8 23:26 2:05 2:33
Patrick Maroon 0 0 0 0 0 2 2 0 1 0 0/0 7:17 0:00 0:59
Scott Harrington 0 2 2 3 0 0 2 3 0 0 0/0 19:37 1:21 2:39
Tomas Jurco 0 0 0 -2 0 0 2 1 2 1 0/0 16:09 1:51 0:00
Warren Foegele 0 1 1 1 0 0 0 0 0 0 0/0 0:33 0:02 0:00
Zemgus Girgensons 0 0 0 2 2 3 1 1 0 0 16/36 21:38 2:05 0:23
3 Stars
1 - Seth Griffith (Bro)
2 - Matt Frattin (BIN)
3 - Artem Anisimov (Bro)
Power Play
Gangsters - 2 on 4 Attempt(s) - 50.00%
Senators - 0 on 2 Attempt(s) - 0.00%
Penalty Kill
Gangsters - 2 on 2 Attempt(s) - 100.00%
- Score 0 goal in Penalty Kill
Senators - 2 on 4 Attempt(s) - 50.00%
- Score 0 goal in Penalty Kill
Team Stat
Gangsters - Hits : 24 - Faceoff Wins : 41 - Blocked Shots : 10 - Penalty Minutes : 4
Senators - Hits : 20 - Faceoff Wins : 27 - Blocked Shots : 19 - Penalty Minutes : 8
Official
Referees : Unknown
Linesman : Unknown
Game Notes
No Game Note
Finance
Level 1 -- Attendance: 1984 (99.20%) -- Ticket Income $65,472
Level 2 -- Attendance: 914 (91.40%) -- Ticket Income $13,710
Total Attendance: 2898 (96.60%)
Total Ticket Income: $79,182
Other Income: $3,959
Total Income: $83,141
Gangsters
5 vs 5 Forward
Center Left Wing Right Wing Time % Phy DF OF
1 Artem Anisimov Dave Dziurzynski Sebastian Collberg 40 1 2 2
2 Seth Griffith David Pope Connor Chatam 30 1 2 2
3 Kevin Roy Phillip Danault Artem Anisimov 20 1 2 2
4 Adam Lowry Samuel Blais Dave Dziurzynski 10 1 2 2
5 vs 5 Defense
Defense Defense Time % Phy DF OF
1 Matt Delahey Derrick Pouliot 40 1 2 2
2 Ryan Culkin Steven Santini 30 1 2 2
3 Jordan Subban Joshua Jacobs 20 1 2 2
4 Jacob Middleton Matt Delahey 10 1 2 2
PowerPlay Forward
Center Left Wing Right Wing Time % Phy DF OF
1 Artem Anisimov Dave Dziurzynski Sebastian Collberg 60 1 2 2
2 Seth Griffith David Pope Connor Chatam 40 1 2 2
PowerPlay Defense
Defense Defense Time % Phy DF OF
1 Matt Delahey Derrick Pouliot 60 1 2 2
2 Ryan Culkin Steven Santini 40 1 2 2
Penalty Kill 4 Players Forward
Center Wing Time % Phy DF OF
1 Artem Anisimov Dave Dziurzynski 60 1 2 2
2 David Pope Seth Griffith 40 1 2 2
Penalty Kill 4 Players Defense
Defense Defense Time % Phy DF OF
1 Matt Delahey Derrick Pouliot 60 1 2 2
2 Ryan Culkin Steven Santini 40 1 2 2
Penalty Kill - 3 Players Forward
Forward Time % Phy DF OF
1 Artem Anisimov 60 1 2 2
2 Dave Dziurzynski 40 1 2 2
Penalty Kill - 3 Players Defense
Defense Defense Time % Phy DF OF
1 Matt Delahey Derrick Pouliot 60 1 2 2
2 Ryan Culkin Steven Santini 40 1 2 2
4 vs 4 Forward
Center Wing Time % Phy DF OF
1 Artem Anisimov Dave Dziurzynski 60 1 2 2
2 David Pope Seth Griffith 40 1 2 2
4 vs 4 Defense
Defense Defense Time % Phy DF OF
1 Matt Delahey Derrick Pouliot 60 1 2 2
2 Ryan Culkin Steven Santini 40 1 2 2
Last Minutes Offensive
Center Left Wing Right Wing Defense Defense
Artem Anisimov Dave Dziurzynski Sebastian Collberg Matt Delahey Derrick Pouliot
Last Minutes Defensive
Center Left Wing Right Wing Defense Defense
Artem Anisimov Dave Dziurzynski Sebastian Collberg Matt Delahey Derrick Pouliot
Goaltenders
Starting : Dustin Tokarski
Backup : Jordan Binnington
Extra Forwards
Normal : Julius Vahatalo, Jake Marchment, Kevin Roy - PP : Julius Vahatalo, Jake Marchment - PK : Kevin Roy
Extra Defensemen
Normal : Jordan Subban, Joshua Jacobs, Jacob Middleton - PP : Jordan Subban - PK : Joshua Jacobs, Jacob Middleton
Penalty Shots
Artem Anisimov, Dave Dziurzynski, David Pope, Seth Griffith, Kevin Roy
Scratches
Richard Panik (Healthy), Brett Ponich (Broken Bone (Right Arm) Injury), Stefan Noesen (Healthy), Jonas Brodin (Healthy), Devante Smith-Pelly (Sports Hernia Injury)
Morgan Ellis (Healthy), Hugo Fagerblom (Healthy)
Senators
5 vs 5 Forward
Center Left Wing Right Wing Time % Phy DF OF
1 Zemgus Girgensons Nick Foligno Matt Frattin 40 1 2 2
2 Chandler Stephenson Jan Mursak Tomas Jurco 30 1 2 2
3 Jake Evans Andy Andreoff Grant Besse 20 1 2 2
4 Blake Coleman Patrick Maroon Brett Bulmer 10 1 2 2
5 vs 5 Defense
Defense Defense Time % Phy DF OF
1 Keegan Lowe Dylan Blujus 40 1 2 2
2 Scott Harrington Jack Dougherty 30 1 2 2
3 Mason Geertsen Adam Ollas-Mattsson 20 1 2 2
4 Keegan Lowe Dylan Blujus 10 1 2 2
PowerPlay Forward
Center Left Wing Right Wing Time % Phy DF OF
1 Zemgus Girgensons Nick Foligno Matt Frattin 60 1 2 2
2 Chandler Stephenson Jan Mursak Tomas Jurco 40 1 2 2
PowerPlay Defense
Defense Defense Time % Phy DF OF
1 Keegan Lowe Dylan Blujus 60 1 2 2
2 Scott Harrington Jack Dougherty 40 1 2 2
Penalty Kill 4 Players Forward
Center Wing Time % Phy DF OF
1 Nick Foligno Jan Mursak 60 1 2 2
2 Matt Frattin Andy Andreoff 40 1 2 2
Penalty Kill 4 Players Defense
Defense Defense Time % Phy DF OF
1 Keegan Lowe Dylan Blujus 60 1 2 2
2 Scott Harrington Jack Dougherty 40 1 2 2
Penalty Kill - 3 Players Forward
Forward Time % Phy DF OF
1 Nick Foligno 60 1 2 2
2 Jan Mursak 40 1 2 2
Penalty Kill - 3 Players Defense
Defense Defense Time % Phy DF OF
1 Keegan Lowe Dylan Blujus 60 1 2 2
2 Scott Harrington Jack Dougherty 40 1 2 2
4 vs 4 Forward
Center Wing Time % Phy DF OF
1 Nick Foligno Jan Mursak 60 1 2 2
2 Matt Frattin Andy Andreoff 40 1 2 2
4 vs 4 Defense
Defense Defense Time % Phy DF OF
1 Keegan Lowe Dylan Blujus 60 1 2 2
2 Scott Harrington Jack Dougherty 40 1 2 2
Last Minutes Offensive
Center Left Wing Right Wing Defense Defense
Zemgus Girgensons Nick Foligno Matt Frattin Keegan Lowe Dylan Blujus
Last Minutes Defensive
Center Left Wing Right Wing Defense Defense
Zemgus Girgensons Nick Foligno Matt Frattin Keegan Lowe Dylan Blujus
Goaltenders
Starting : Justin Peters
Backup : Keven Bouchard
Extra Forwards
Normal : Warren Foegele, Maxim Letunov, Patrick Maroon - PP : Warren Foegele, Maxim Letunov - PK : Patrick Maroon
Extra Defensemen
Normal : Mason Geertsen, Adam Ollas-Mattsson, Scott Harrington - PP : Mason Geertsen - PK : Adam Ollas-Mattsson, Scott Harrington
Penalty Shots
Nick Foligno, Jan Mursak, Matt Frattin, Andy Andreoff, Tomas Jurco
Scratches
Michal Repik (Torn Right ACL Injury), Pontus Sjalin (Broken Right Foot Toe Injury), Stephon Williams (Healthy)
% Time on Ice - Gangsters
Lines # - Real PCT - Wanted PCT - Time Play
Normal Forward
1 - 26% - 40% - 13:37
2 - 35% - 30% - 17:51
3 - 21% - 20% - 11:00
4 - 18% - 10% - 9:02
Normal Defense
1 - 38% - 40% - 19:38
2 - 32% - 30% - 16:30
3 - 21% - 20% - 11:04
4 - 8% - 10% - 4:18
PP Forward
1 - 46% - 60% - 2:04
2 - 54% - 40% - 2:28
PP Defense
1 - 54% - 60% - 2:26
2 - 46% - 40% - 2:06
PK Forward
1 - 80% - 60% - 3:10
2 - 20% - 40% - 0:48
PK Defense
1 - 61% - 60% - 2:25
2 - 39% - 40% - 1:33
PK3 Forward
1 - 0% - 60%
2 - 0% - 40%
PK3 Defense
1 - 0% - 60%
2 - 0% - 40%
44 Forward
1 - 0% - 60%
2 - 0% - 40%
44 Defense
1 - 0% - 60%
2 - 0% - 40%
Last Minute Offensive - 0:00
Last Minute Defensive - 0:00
Total
Forward - 60:00
Defense - 60:00
|
% Time on Ice - Senators
Lines # - Real PCT - Wanted PCT - Time Play
Normal Forward
1 - 38% - 40% - 19:42
2 - 28% - 30% - 14:18
3 - 22% - 20% - 11:35
4 - 11% - 10% - 5:55
Normal Defense
1 - 42% - 40% - 21:27
2 - 30% - 30% - 15:37
3 - 22% - 20% - 11:10
4 - 6% - 10% - 3:16
PP Forward
1 - 53% - 60% - 2:07
2 - 47% - 40% - 1:51
PP Defense
1 - 66% - 60% - 2:37
2 - 34% - 40% - 1:21
PK Forward
1 - 78% - 60% - 3:32
2 - 22% - 40% - 1:00
PK Defense
1 - 45% - 60% - 2:03
2 - 55% - 40% - 2:29
PK3 Forward
1 - 0% - 60%
2 - 0% - 40%
PK3 Defense
1 - 0% - 60%
2 - 0% - 40%
44 Forward
1 - 0% - 60%
2 - 0% - 40%
44 Defense
1 - 0% - 60%
2 - 0% - 40%
Last Minute Offensive - 0:00
Last Minute Defensive - 0:00
Total
Forward - 60:00
Defense - 60:00
|
Play-by-Play
1st period
0:01 of 1st period - Matt Frattin wins face-off versus Dave Dziurzynski in neutral zone.
0:16 of 1st period - Snap shot by Dave Dziurzynski.
0:16 of 1st period - Stopped by Justin Peters with a rebound.
0:26 of 1st period - Derrick Pouliot is hit by Tomas Jurco and loses puck.
1:11 of 1st period - Slapshot by Derrick Pouliot.
1:11 of 1st period - Shot Blocked by Mason Geertsen.
1:19 of 1st period - Snap shot by Brett Bulmer.
1:19 of 1st period - Stopped by Dustin Tokarski with a rebound.
1:36 of 1st period - Snap shot by Matt Frattin.
1:36 of 1st period - Shot Blocked by Derrick Pouliot.
2:57 of 1st period - Nick Foligno is hit by David Pope and loses puck.
3:27 of 1st period - Icing by Sebastian Collberg.
3:28 of 1st period - Zemgus Girgensons wins face-off versus Julius Vahatalo in Gangsters zone.
3:41 of 1st period - Wrist shot by Matt Frattin.
3:41 of 1st period - Goal by Matt Frattin - Gangsters : 0 - Senators : 1.
3:42 of 1st period - Seth Griffith wins face-off versus Zemgus Girgensons in neutral zone.
4:28 of 1st period - Wrist shot by Andy Andreoff.
4:28 of 1st period - Shot Misses the Net.
4:48 of 1st period - Slapshot by Nick Foligno.
4:48 of 1st period - Shot Misses the Net.
4:50 of 1st period - Wrist shot by Nick Foligno.
4:50 of 1st period - Shot Blocked by Dave Dziurzynski.
4:52 of 1st period - Snap shot by Nick Foligno.
4:52 of 1st period - Deflect By Zemgus Girgensons.
4:52 of 1st period - Stopped by Dustin Tokarski with a rebound.
5:05 of 1st period - Icing by Ryan Culkin.
5:06 of 1st period - Blake Coleman wins face-off versus Seth Griffith in Gangsters zone.
5:19 of 1st period - Backhand shot by Brett Bulmer.
5:19 of 1st period - Shot Blocked by Seth Griffith.
5:33 of 1st period - Phillip Danault is hit by Nick Foligno and loses puck.
6:48 of 1st period - Wrist shot by Matt Frattin.
6:48 of 1st period - Stopped by Dustin Tokarski with a rebound.
6:50 of 1st period - Wrist shot by Nick Foligno.
6:50 of 1st period - Stopped by Dustin Tokarski with a rebound.
6:52 of 1st period - Slapshot by Nick Foligno.
6:52 of 1st period - Stopped by Dustin Tokarski with a rebound.
7:46 of 1st period - Wrist shot by Brett Bulmer.
7:46 of 1st period - Deflect By Patrick Maroon.
7:46 of 1st period - Shot Misses the Net.
7:46 of 1st period - Puck is out of play.
7:47 of 1st period - Zemgus Girgensons wins face-off versus Adam Lowry in Gangsters zone.
7:56 of 1st period - Snap shot by Matt Frattin.
7:56 of 1st period - Stopped by Dustin Tokarski without a rebound.
7:57 of 1st period - Zemgus Girgensons wins face-off versus Seth Griffith in Gangsters zone.
8:06 of 1st period - Snap shot by Matt Frattin.
8:06 of 1st period - Stopped by Dustin Tokarski without a rebound.
8:07 of 1st period - Seth Griffith wins face-off versus Chandler Stephenson in Gangsters zone.
8:34 of 1st period - Wrist shot by David Pope.
8:34 of 1st period - Stopped by Justin Peters without a rebound.
8:35 of 1st period - Zemgus Girgensons wins face-off versus Artem Anisimov in Senators zone.
9:24 of 1st period - Slapshot by Jan Mursak.
9:24 of 1st period - Shot Blocked by Matt Delahey.
9:27 of 1st period - Icing by Derrick Pouliot.
9:28 of 1st period - Zemgus Girgensons wins face-off versus Seth Griffith in Gangsters zone.
9:31 of 1st period - Wrist shot by Matt Frattin.
9:31 of 1st period - Shot Misses the Net.
9:59 of 1st period - Wrist shot by Dave Dziurzynski.
9:59 of 1st period - Stopped by Justin Peters with a rebound.
10:01 of 1st period - Slapshot by Jordan Subban.
10:01 of 1st period - Shot Misses the Net.
10:03 of 1st period - Slapshot by Sebastian Collberg.
10:03 of 1st period - Stopped by Justin Peters without a rebound.
10:04 of 1st period - Artem Anisimov wins face-off versus Chandler Stephenson in Senators zone.
10:21 of 1st period - Tomas Jurco is hit by Jordan Subban and loses puck.
10:34 of 1st period - Snap shot by Artem Anisimov.
10:34 of 1st period - Stopped by Justin Peters with a rebound.
10:49 of 1st period - Snap shot by Artem Anisimov.
10:49 of 1st period - Goal by Artem Anisimov - Gangsters : 1 - Senators : 1.
10:50 of 1st period - Zemgus Girgensons wins face-off versus Seth Griffith in neutral zone.
11:17 of 1st period - Dylan Blujus is hit by Artem Anisimov and loses puck.
12:46 of 1st period - Slapshot by Brett Bulmer.
12:46 of 1st period - Stopped by Dustin Tokarski without a rebound.
12:47 of 1st period - Kevin Roy wins face-off versus Blake Coleman in Gangsters zone.
13:57 of 1st period - Dylan Blujus is hit by Kevin Roy and loses puck.
14:24 of 1st period - Wrist shot by Samuel Blais.
14:24 of 1st period - Shot Misses the Net.
14:40 of 1st period - Snap shot by Matt Frattin.
14:40 of 1st period - Shot Misses the Net.
15:43 of 1st period - Wrist shot by Patrick Maroon.
15:43 of 1st period - Stopped by Dustin Tokarski with a rebound.
15:45 of 1st period - Slapshot by Blake Coleman.
15:45 of 1st period - Stopped by Dustin Tokarski with a rebound.
15:47 of 1st period - Snap shot by Patrick Maroon.
15:47 of 1st period - Shot Misses the Net.
16:17 of 1st period - Scott Harrington is hit by Seth Griffith and loses puck.
16:46 of 1st period - Wrist shot by Grant Besse.
16:46 of 1st period - Shot Blocked by Ryan Culkin.
16:48 of 1st period - Wrist shot by Grant Besse.
16:48 of 1st period - Shot Blocked by Steven Santini.
17:14 of 1st period - Snap shot by Matt Frattin.
17:14 of 1st period - Shot Blocked by Matt Delahey.
17:16 of 1st period - Snap shot by Matt Frattin.
17:16 of 1st period - Stopped by Dustin Tokarski with a rebound.
17:30 of 1st period - Connor Chatam is hit by Patrick Maroon.
17:56 of 1st period - Andy Andreoff is hit by Joshua Jacobs.
18:26 of 1st period - Artem Anisimov is hit by Jan Mursak and loses puck.
18:35 of 1st period - Wrist shot by Chandler Stephenson.
18:35 of 1st period - Stopped by Dustin Tokarski without a rebound.
18:36 of 1st period - Seth Griffith wins face-off versus Zemgus Girgensons in Gangsters zone.
18:45 of 1st period - Snap shot by Seth Griffith.
18:45 of 1st period - Stopped by Justin Peters without a rebound.
18:46 of 1st period - Zemgus Girgensons wins face-off versus Seth Griffith in Senators zone.
19:21 of 1st period - Matt Frattin is hit by David Pope.
19:30 of 1st period - Snap shot by David Pope.
19:30 of 1st period - Shot Blocked by Nick Foligno.
19:32 of 1st period - Snap shot by David Pope.
19:32 of 1st period - Shot Misses the Net.
19:34 of 1st period - Snap shot by Connor Chatam.
19:34 of 1st period - Stopped by Justin Peters without a rebound.
19:35 of 1st period - Artem Anisimov wins face-off versus Chandler Stephenson in Senators zone.
19:36 of 1st period - Slapshot by Dave Dziurzynski.
19:36 of 1st period - Shot Blocked by Scott Harrington.
19:38 of 1st period - Snap shot by Sebastian Collberg.
19:38 of 1st period - Stopped by Justin Peters with a rebound.
19:40 of 1st period - Snap shot by Artem Anisimov.
19:40 of 1st period - Shot Misses the Net.
19:42 of 1st period - Wrist shot by Sebastian Collberg.
19:42 of 1st period - Deflect By Dave Dziurzynski.
19:42 of 1st period - Shot Hit the Post.
19:42 of 1st period - Puck is out of play.
19:43 of 1st period - Artem Anisimov wins face-off versus Chandler Stephenson in Senators zone.
19:53 of 1st period - Off-side.
19:54 of 1st period - Artem Anisimov wins face-off versus Zemgus Girgensons in neutral zone.
Goals for this period are 1 for Gangsters vs 1 for Senators.
Shots for this period are 9 for Gangsters vs 13 for Senators.
2nd period
0:01 of 2nd period - Artem Anisimov wins face-off versus Zemgus Girgensons in neutral zone.
0:04 of 2nd period - Matt Frattin is hit by Matt Delahey and loses puck.
0:30 of 2nd period - Snap shot by Andy Andreoff.
0:30 of 2nd period - Stopped by Dustin Tokarski without a rebound.
0:31 of 2nd period - Seth Griffith wins face-off versus Jake Evans in Gangsters zone.
0:38 of 2nd period - Jake Evans is hit by Ryan Culkin and loses puck.
0:45 of 2nd period - Wrist shot by David Pope.
0:45 of 2nd period - Deflect By Seth Griffith.
0:45 of 2nd period - Stopped by Justin Peters with a rebound.
0:47 of 2nd period - Slapshot by Ryan Culkin.
0:47 of 2nd period - Stopped by Justin Peters without a rebound.
0:48 of 2nd period - Dave Dziurzynski wins face-off versus Zemgus Girgensons in Senators zone.
0:49 of 2nd period - Wrist shot by Artem Anisimov.
0:49 of 2nd period - Shot Misses the Net.
1:20 of 2nd period - Snap shot by David Pope.
1:20 of 2nd period - Shot Misses the Net.
1:52 of 2nd period - Minor Penalty to Jake Evans for Hooking.
1:53 of 2nd period - Nick Foligno wins face-off versus Artem Anisimov in Senators zone.
2:20 of 2nd period - Keegan Lowe is hit by Matt Delahey and loses puck.
2:25 of 2nd period - Slapshot by Seth Griffith.
2:25 of 2nd period - Shot Misses the Net.
2:27 of 2nd period - Snap shot by David Pope.
2:27 of 2nd period - Stopped by Justin Peters with a rebound.
2:29 of 2nd period - Snap shot by Seth Griffith.
2:29 of 2nd period - Deflect By Nick Foligno.
2:29 of 2nd period - Shot Blocked by Dylan Blujus.
2:29 of 2nd period - Puck is out of play.
2:30 of 2nd period - Artem Anisimov wins face-off versus Nick Foligno in Senators zone.
2:55 of 2nd period - Wrist shot by Seth Griffith.
2:55 of 2nd period - Shot Blocked by Jack Dougherty.
2:57 of 2nd period - Snap shot by Seth Griffith.
2:57 of 2nd period - Stopped by Justin Peters with a rebound.
2:59 of 2nd period - Wrist shot by David Pope.
2:59 of 2nd period - Shot Blocked by Scott Harrington.
3:01 of 2nd period - Snap shot by Seth Griffith.
3:01 of 2nd period - Shot Misses the Net.
3:03 of 2nd period - Snap shot by Connor Chatam.
3:03 of 2nd period - Goal by Connor Chatam - Gangsters : 2 - Senators : 1.
3:04 of 2nd period - Artem Anisimov wins face-off versus Nick Foligno in neutral zone.
3:15 of 2nd period - Wrist shot by Dave Dziurzynski.
3:15 of 2nd period - Stopped by Justin Peters without a rebound.
3:16 of 2nd period - Sebastian Collberg wins face-off versus Zemgus Girgensons in Senators zone.
3:17 of 2nd period - Snap shot by Artem Anisimov.
3:17 of 2nd period - Shot Misses the Net.
3:19 of 2nd period - Snap shot by Matt Delahey.
3:19 of 2nd period - Stopped by Justin Peters without a rebound.
3:20 of 2nd period - Artem Anisimov wins face-off versus Zemgus Girgensons in Senators zone.
3:21 of 2nd period - Wrist shot by Dave Dziurzynski.
3:21 of 2nd period - Stopped by Justin Peters with a rebound.
3:23 of 2nd period - Backhand shot by Matt Delahey.
3:23 of 2nd period - Stopped by Justin Peters with a rebound.
3:25 of 2nd period - Slapshot by Matt Delahey.
3:25 of 2nd period - Stopped by Justin Peters without a rebound.
3:26 of 2nd period - Dave Dziurzynski wins face-off versus Zemgus Girgensons in Senators zone.
3:33 of 2nd period - Wrist shot by Artem Anisimov.
3:33 of 2nd period - Deflect By Dave Dziurzynski.
3:33 of 2nd period - Shot Blocked by Keegan Lowe.
3:33 of 2nd period - Puck is out of play.
3:34 of 2nd period - Artem Anisimov wins face-off versus Zemgus Girgensons in Senators zone.
3:35 of 2nd period - Wrist shot by Dave Dziurzynski.
3:35 of 2nd period - Shot Misses the Net.
3:41 of 2nd period - Derrick Pouliot is hit by Zemgus Girgensons and loses puck.
4:00 of 2nd period - Backhand shot by Jan Mursak.
4:00 of 2nd period - Stopped by Dustin Tokarski with a rebound.
4:08 of 2nd period - Slapshot by Matt Delahey.
4:08 of 2nd period - Deflect By Seth Griffith.
4:08 of 2nd period - Shot Misses the Net.
4:08 of 2nd period - Puck is out of play.
4:09 of 2nd period - Artem Anisimov wins face-off versus Zemgus Girgensons in Senators zone.
4:12 of 2nd period - Snap shot by Artem Anisimov.
4:12 of 2nd period - Shot Blocked by Jack Dougherty.
4:20 of 2nd period - Ryan Culkin is hit by Nick Foligno and loses puck.
4:25 of 2nd period - Snap shot by Nick Foligno.
4:25 of 2nd period - Shot Hit the Post.
4:35 of 2nd period - Steven Santini is hit by Scott Harrington and loses puck.
4:40 of 2nd period - Snap shot by Jan Mursak.
4:40 of 2nd period - Goal by Jan Mursak - Gangsters : 2 - Senators : 2.
4:41 of 2nd period - Artem Anisimov wins face-off versus Zemgus Girgensons in neutral zone.
4:44 of 2nd period - Nick Foligno is hit by Artem Anisimov and loses puck.
5:35 of 2nd period - Minor Penalty to Jack Dougherty for Hooking.
5:36 of 2nd period - Nick Foligno wins face-off versus Artem Anisimov in Senators zone.
7:18 of 2nd period - Connor Chatam is hit by Mason Geertsen and loses puck.
7:30 of 2nd period - Zemgus Girgensons is hit by Connor Chatam and loses puck.
7:35 of 2nd period - Penalty to Jack Dougherty is over, Jack Dougherty is back on ice.
7:39 of 2nd period - Snap shot by David Pope.
7:39 of 2nd period - Shot Blocked by Scott Harrington.
7:57 of 2nd period - Snap shot by Patrick Maroon.
7:57 of 2nd period - Stopped by Dustin Tokarski without a rebound.
7:58 of 2nd period - Artem Anisimov wins face-off versus Jake Evans in Gangsters zone.
7:58 of 2nd period - Artem Anisimov is hit by Jake Evans.
8:04 of 2nd period - Steven Santini is hit by Andy Andreoff and loses puck.
8:59 of 2nd period - Icing by Joshua Jacobs.
9:00 of 2nd period - Kevin Roy wins face-off versus Jake Evans in Gangsters zone.
9:14 of 2nd period - Icing by Tomas Jurco.
9:15 of 2nd period - Adam Lowry wins face-off versus Chandler Stephenson in Senators zone.
9:16 of 2nd period - Slapshot by Matt Delahey.
9:16 of 2nd period - Shot Blocked by Keegan Lowe.
9:55 of 2nd period - Minor Penalty to Zemgus Girgensons for Roughing.
9:56 of 2nd period - Artem Anisimov wins face-off versus Nick Foligno in Senators zone.
9:57 of 2nd period - Slapshot by Dave Dziurzynski.
9:57 of 2nd period - Goal by Dave Dziurzynski - Gangsters : 3 - Senators : 2.
9:58 of 2nd period - Artem Anisimov wins face-off versus Zemgus Girgensons in neutral zone.
10:07 of 2nd period - Snap shot by Dave Dziurzynski.
10:07 of 2nd period - Shot Misses the Net.
10:09 of 2nd period - Slapshot by Matt Delahey.
10:09 of 2nd period - Shot Blocked by Keegan Lowe.
10:11 of 2nd period - Slapshot by Dave Dziurzynski.
10:11 of 2nd period - Shot Misses the Net.
10:13 of 2nd period - Snap shot by Matt Delahey.
10:13 of 2nd period - Shot Blocked by Dylan Blujus.
11:34 of 2nd period - Patrick Maroon is hit by Adam Lowry and loses puck.
11:47 of 2nd period - Wrist shot by Samuel Blais.
11:47 of 2nd period - Stopped by Justin Peters with a rebound.
11:49 of 2nd period - Snap shot by Steven Santini.
11:49 of 2nd period - Deflect By Tomas Jurco.
11:49 of 2nd period - Stopped by Justin Peters with a rebound.
12:12 of 2nd period - Icing by Dylan Blujus.
12:13 of 2nd period - Seth Griffith wins face-off versus Zemgus Girgensons in Senators zone.
12:47 of 2nd period - Tomas Jurco is hit by Dave Dziurzynski and loses puck.
13:25 of 2nd period - Snap shot by Nick Foligno.
13:25 of 2nd period - Goal by Nick Foligno - Gangsters : 3 - Senators : 3.
13:26 of 2nd period - Artem Anisimov wins face-off versus Zemgus Girgensons in neutral zone.
13:29 of 2nd period - Slapshot by Derrick Pouliot.
13:29 of 2nd period - Shot Misses the Net.
13:31 of 2nd period - Slapshot by Derrick Pouliot.
13:31 of 2nd period - Shot Misses the Net.
13:37 of 2nd period - Snap shot by Dave Dziurzynski.
13:37 of 2nd period - Stopped by Justin Peters with a rebound.
13:58 of 2nd period - Jan Mursak is hit by David Pope and loses puck.
14:10 of 2nd period - Icing by Adam Ollas-Mattsson.
14:11 of 2nd period - Jake Evans wins face-off versus Kevin Roy in Senators zone.
14:20 of 2nd period - Snap shot by Jake Evans.
14:20 of 2nd period - Deflect By Grant Besse.
14:20 of 2nd period - Shot Misses the Net.
14:20 of 2nd period - Puck is out of play.
14:21 of 2nd period - Zemgus Girgensons wins face-off versus Artem Anisimov in Gangsters zone.
14:47 of 2nd period - Connor Chatam is hit by Chandler Stephenson and loses puck.
15:14 of 2nd period - Snap shot by Matt Delahey.
15:14 of 2nd period - Stopped by Justin Peters without a rebound.
15:15 of 2nd period - Kevin Roy wins face-off versus Zemgus Girgensons in Senators zone.
15:16 of 2nd period - Wrist shot by Phillip Danault.
15:16 of 2nd period - Shot Misses the Net.
15:28 of 2nd period - Wrist shot by Artem Anisimov.
15:28 of 2nd period - Shot Misses the Net.
15:57 of 2nd period - Wrist shot by Samuel Blais.
15:57 of 2nd period - Shot Misses the Net.
16:16 of 2nd period - Scott Harrington is hit by Joshua Jacobs and loses puck.
16:37 of 2nd period - Icing by Matt Frattin.
16:38 of 2nd period - Zemgus Girgensons wins face-off versus Kevin Roy in Senators zone.
16:38 of 2nd period - Zemgus Girgensons is hit by Steven Santini.
16:43 of 2nd period - Minor Penalty to Kevin Roy for Interference.
16:44 of 2nd period - Artem Anisimov wins face-off versus Nick Foligno in Gangsters zone.
16:44 of 2nd period - Artem Anisimov is hit by Matt Frattin.
16:49 of 2nd period - Snap shot by Derrick Pouliot.
16:49 of 2nd period - Deflect By Dave Dziurzynski.
16:49 of 2nd period - Shot Misses the Net.
16:49 of 2nd period - Puck is out of play.
16:50 of 2nd period - Zemgus Girgensons wins face-off versus Artem Anisimov in Senators zone.
17:39 of 2nd period - Matt Frattin is hit by David Pope and loses puck.
18:43 of 2nd period - Penalty to Kevin Roy is over, Kevin Roy is back on ice.
18:56 of 2nd period - Slapshot by Grant Besse.
18:56 of 2nd period - Deflect By Andy Andreoff.
18:56 of 2nd period - Stopped by Dustin Tokarski without a rebound.
18:57 of 2nd period - Seth Griffith wins face-off versus Jake Evans in Gangsters zone.
Goals for this period are 2 for Gangsters vs 2 for Senators.
Shots for this period are 15 for Gangsters vs 6 for Senators.
3rd period
0:01 of 3rd period - Zemgus Girgensons wins face-off versus Artem Anisimov in neutral zone.
0:14 of 3rd period - Snap shot by Matt Frattin.
0:14 of 3rd period - Deflect By Zemgus Girgensons.
0:14 of 3rd period - Stopped by Dustin Tokarski with a rebound.
0:38 of 3rd period - Wrist shot by Seth Griffith.
0:38 of 3rd period - Goal by Seth Griffith - Gangsters : 4 - Senators : 3.
0:39 of 3rd period - Artem Anisimov wins face-off versus Zemgus Girgensons in neutral zone.
0:50 of 3rd period - Snap shot by Dave Dziurzynski.
0:50 of 3rd period - Stopped by Justin Peters without a rebound.
0:51 of 3rd period - Zemgus Girgensons wins face-off versus Artem Anisimov in Senators zone.
0:56 of 3rd period - Artem Anisimov is hit by Matt Frattin and loses puck.
1:07 of 3rd period - Matt Delahey is hit by Keegan Lowe and loses puck.
1:22 of 3rd period - Wrist shot by Jan Mursak.
1:22 of 3rd period - Stopped by Dustin Tokarski with a rebound.
1:24 of 3rd period - Slapshot by Dylan Blujus.
1:24 of 3rd period - Deflect By Chandler Stephenson.
1:24 of 3rd period - Shot Blocked by Derrick Pouliot.
1:24 of 3rd period - Puck is out of play.
1:25 of 3rd period - Chandler Stephenson wins face-off versus Seth Griffith in Gangsters zone.
1:36 of 3rd period - Steven Santini is hit by Tomas Jurco and loses puck.
1:51 of 3rd period - Adam Ollas-Mattsson is hit by Ryan Culkin and loses puck.
2:12 of 3rd period - Snap shot by Artem Anisimov.
2:12 of 3rd period - Shot Misses the Net.
2:14 of 3rd period - Slapshot by Matt Delahey.
2:14 of 3rd period - Stopped by Justin Peters without a rebound.
2:15 of 3rd period - Jake Evans wins face-off versus Phillip Danault in Senators zone.
3:22 of 3rd period - Off-side.
3:23 of 3rd period - Kevin Roy wins face-off versus Zemgus Girgensons in neutral zone.
3:56 of 3rd period - Slapshot by Steven Santini.
3:56 of 3rd period - Deflect By Kevin Roy.
3:56 of 3rd period - Stopped by Justin Peters with a rebound.
4:20 of 3rd period - Snap shot by Seth Griffith.
4:20 of 3rd period - Deflect By David Pope.
4:20 of 3rd period - Stopped by Justin Peters with a rebound.
4:30 of 3rd period - Wrist shot by Dave Dziurzynski.
4:30 of 3rd period - Shot Blocked by Tomas Jurco.
4:36 of 3rd period - Wrist shot by Dave Dziurzynski.
4:36 of 3rd period - Deflect By Adam Ollas-Mattsson.
4:36 of 3rd period - Shot Misses the Net.
4:36 of 3rd period - Puck is out of play.
4:37 of 3rd period - Zemgus Girgensons wins face-off versus Adam Lowry in Senators zone.
4:44 of 3rd period - Snap shot by Zemgus Girgensons.
4:44 of 3rd period - Stopped by Dustin Tokarski with a rebound.
5:06 of 3rd period - Snap shot by Dave Dziurzynski.
5:06 of 3rd period - Stopped by Justin Peters with a rebound.
5:08 of 3rd period - Wrist shot by Dave Dziurzynski.
5:08 of 3rd period - Shot Blocked by Zemgus Girgensons.
5:10 of 3rd period - Slapshot by Dave Dziurzynski.
5:10 of 3rd period - Shot Blocked by Nick Foligno.
5:12 of 3rd period - Snap shot by Matt Delahey.
5:12 of 3rd period - Shot Misses the Net.
5:14 of 3rd period - Slapshot by Matt Delahey.
5:14 of 3rd period - Stopped by Justin Peters without a rebound.
5:15 of 3rd period - Seth Griffith wins face-off versus Chandler Stephenson in Senators zone.
5:18 of 3rd period - Snap shot by Seth Griffith.
5:18 of 3rd period - Shot Misses the Net.
5:20 of 3rd period - Snap shot by David Pope.
5:20 of 3rd period - Shot Blocked by Adam Ollas-Mattsson.
5:22 of 3rd period - Snap shot by David Pope.
5:22 of 3rd period - Shot Misses the Net.
5:24 of 3rd period - Snap shot by Seth Griffith.
5:24 of 3rd period - Goal by Seth Griffith - Gangsters : 5 - Senators : 3.
5:25 of 3rd period - Zemgus Girgensons wins face-off versus Artem Anisimov in neutral zone.
5:37 of 3rd period - Minor Penalty to Sebastian Collberg for Interference.
5:38 of 3rd period - Artem Anisimov wins face-off versus Zemgus Girgensons in Gangsters zone.
7:37 of 3rd period - Penalty to Sebastian Collberg is over, Sebastian Collberg is back on ice.
8:07 of 3rd period - Slapshot by Grant Besse.
8:07 of 3rd period - Goal by Grant Besse - Gangsters : 5 - Senators : 4.
8:08 of 3rd period - Artem Anisimov wins face-off versus Zemgus Girgensons in neutral zone.
8:10 of 3rd period - Off-side.
8:11 of 3rd period - Sebastian Collberg wins face-off versus Nick Foligno in neutral zone.
8:21 of 3rd period - Snap shot by Artem Anisimov.
8:21 of 3rd period - Stopped by Justin Peters without a rebound.
8:22 of 3rd period - Artem Anisimov wins face-off versus Zemgus Girgensons in Senators zone.
8:23 of 3rd period - Wrist shot by Dave Dziurzynski.
8:23 of 3rd period - Shot Blocked by Dylan Blujus.
8:47 of 3rd period - Chandler Stephenson is hit by Connor Chatam and loses puck.
8:54 of 3rd period - Slapshot by Seth Griffith.
8:54 of 3rd period - Shot Blocked by Dylan Blujus.
9:07 of 3rd period - Off-side.
9:08 of 3rd period - Kevin Roy wins face-off versus Jake Evans in neutral zone.
9:33 of 3rd period - Zemgus Girgensons is hit by Connor Chatam and loses puck.
10:00 of 3rd period - Snap shot by Dave Dziurzynski.
10:00 of 3rd period - Deflect By Samuel Blais.
10:00 of 3rd period - Stopped by Justin Peters with a rebound.
10:18 of 3rd period - Snap shot by Jake Evans.
10:18 of 3rd period - Deflect By Phillip Danault.
10:18 of 3rd period - Stopped by Dustin Tokarski without a rebound.
10:19 of 3rd period - Grant Besse wins face-off versus Kevin Roy in Gangsters zone.
10:24 of 3rd period - Wrist shot by Andy Andreoff.
10:24 of 3rd period - Shot Misses the Net.
11:14 of 3rd period - Backhand shot by Matt Delahey.
11:14 of 3rd period - Stopped by Justin Peters without a rebound.
11:15 of 3rd period - Zemgus Girgensons wins face-off versus Artem Anisimov in Senators zone.
11:15 of 3rd period - Zemgus Girgensons is hit by Artem Anisimov.
11:39 of 3rd period - Seth Griffith is hit by Scott Harrington and loses puck.
11:57 of 3rd period - Off-side.
11:58 of 3rd period - Jake Evans wins face-off versus Adam Lowry in neutral zone.
12:00 of 3rd period - Off-side.
12:01 of 3rd period - Adam Lowry wins face-off versus Jake Evans in neutral zone.
12:04 of 3rd period - Dylan Blujus is hit by Samuel Blais and loses puck.
12:33 of 3rd period - Wrist shot by David Pope.
12:33 of 3rd period - Shot Blocked by Dylan Blujus.
12:35 of 3rd period - Wrist shot by Seth Griffith.
12:35 of 3rd period - Shot Misses the Net.
12:37 of 3rd period - Slapshot by Matt Delahey.
12:37 of 3rd period - Shot Misses the Net.
13:16 of 3rd period - Slapshot by Brett Bulmer.
13:16 of 3rd period - Shot Blocked by Steven Santini.
13:30 of 3rd period - Slapshot by Ryan Culkin.
13:30 of 3rd period - Shot Misses the Net.
13:38 of 3rd period - Wrist shot by Andy Andreoff.
13:38 of 3rd period - Shot Blocked by Steven Santini.
13:58 of 3rd period - Snap shot by Matt Frattin.
13:58 of 3rd period - Shot Misses the Net.
14:00 of 3rd period - Slapshot by Jack Dougherty.
14:00 of 3rd period - Shot Misses the Net.
14:45 of 3rd period - Jordan Subban is hit by Brett Bulmer and loses puck.
15:12 of 3rd period - Derrick Pouliot is hit by Matt Frattin and loses puck.
15:54 of 3rd period - David Pope is hit by Patrick Maroon and loses puck.
16:40 of 3rd period - Icing by David Pope.
16:41 of 3rd period - Kevin Roy wins face-off versus Jake Evans in Gangsters zone.
17:05 of 3rd period - Icing by Zemgus Girgensons.
17:06 of 3rd period - Zemgus Girgensons wins face-off versus Seth Griffith in Senators zone.
17:19 of 3rd period - Slapshot by Artem Anisimov.
17:19 of 3rd period - Stopped by Justin Peters without a rebound.
17:20 of 3rd period - Jake Evans wins face-off versus Artem Anisimov in Senators zone.
17:31 of 3rd period - Snap shot by Grant Besse.
17:31 of 3rd period - Stopped by Dustin Tokarski without a rebound.
17:32 of 3rd period - Artem Anisimov wins face-off versus Jake Evans in Gangsters zone.
17:59 of 3rd period - Matt Delahey is hit by Brett Bulmer.
18:19 of 3rd period - Icing by Patrick Maroon.
18:20 of 3rd period - Blake Coleman wins face-off versus Artem Anisimov in Senators zone.
18:39 of 3rd period - Minor Penalty to Keegan Lowe for Roughing.
18:40 of 3rd period - Artem Anisimov wins face-off versus Nick Foligno in Senators zone.
19:05 of 3rd period - Scott Harrington is hit by Matt Delahey and loses puck.
Goals for this period are 2 for Gangsters vs 1 for Senators.
Shots for this period are 12 for Gangsters vs 6 for Senators.
Back to the Top